TOP OF THE 1ST |
Philadelphia Athletics batting - Pitching for Portland Cards : RHP John Drake
|
Pitching: RHP John Drake
|
|
Batting: LHB John Peterson
|
0-0: Ball 1-0: Ball 2-0: SINGLE (Groundball, 56D)
|
Batting: LHB Brian Boone
|
0-0: Foul Ball, location: 2F 0-1: Foul Ball, location: 2F 0-2: Ball 1-2: Strikes out swinging
|
Batting: RHB Tony Morton
|
0-0: Called Strike 0-1: Ball 1-1: SINGLE (Line Drive, 6MD) John Peterson to second
|
Batting: RHB Alfredo Rivera
|
0-0: Swinging Strike 0-1: Swinging Strike 0-2: DOUBLE (Flyball, 8RXD) John Peterson scores Tony Morton to third
|
Batting: LHB Carter Sweet
|
0-0: Swinging Strike 0-1: Called Strike 0-2: Ball 1-2: TRIPLE (Flyball, 89XD) Tony Morton scores Alfredo Rivera scores
|
Batting: RHB Valentín Borges
|
0-0: Called Strike 0-1: Fly out, F4 (Flyball, 4D)
|
Batting: RHB Anastasio Villa
|
0-0: Ball 1-0: Foul Ball, location: 2F 1-1: Ball 2-1: Ball 3-1: Fly out, F9 (Flyball, 9)
|
Top of the 1st over - 3 runs, 4 hits, 0 errors, 1 left on base; Philadelphia 3 - Portland 0 |
BOTTOM OF THE 1ST |
Portland Cards batting - Pitching for Philadelphia Athletics : RHP Otis Sykes
|
Pitching: RHP Otis Sykes
|
|
Batting: SHB Ken Hernández
|
0-0: SINGLE (Line Drive, 4MD)
|
Batting: LHB Leonardo Medina
|
0-0: Ball 1-0: Foul Ball, location: 2F 1-1: Ball 2-1: Ball 3-1: Foul Ball, location: 2F 3-2: Fielders Choice at 2nd, 3-6 (Groundball, 3)
|
Batting: SHB Marvin Harris
|
0-0: Called Strike 0-1: SINGLE (Flyball, 8RS) Leonardo Medina to second Runner from 2nd tries for 3rd, SAFE, no throw
|
Batting: LHB Troy Donaldson
|
0-0: Ball 1-0: Ball 2-0: Foul Ball, location: 2F 2-1: Foul Ball, location: 2F 2-2: Ball 3-2: SINGLE (Groundball, 34S) (infield hit) Leonardo Medina scores Marvin Harris to second
|
Batting: SHB Giancarlo Giannini
|
0-0: Called Strike 0-1: Ball 1-1: Ball 2-1: 3-RUN HOME RUN (Flyball, 89XD), Distance : 389 ft
|
Batting: RHB Aaron Scott
|
0-0: Called Strike 0-1: Swinging Strike 0-2: Strikes out swinging
|
Batting: LHB Bill Murphy
|
0-0: Fly out, F7 (Flyball, 7D)
|
Bottom of the 1st over - 4 runs, 4 hits, 0 errors, 0 left on base; Philadelphia 3 - Portland 4 |
TOP OF THE 2ND |
Philadelphia Athletics batting - Pitching for Portland Cards : RHP John Drake
|
Batting: RHB Miguel Encarnación
|
0-0: Called Strike 0-1: Ball 1-1: Foul Ball, location: 2F 1-2: Ball 2-2: Ground out 5-3 (Groundball, 5)
|
Batting: SHB Héctor Padilla
|
0-0: Ball 1-0: Fly out, F7 (Flyball, 78M)
|
Batting: LHB John Peterson
|
0-0: Ball 1-0: Ball 2-0: Ball 3-0: Base on Balls
|
Batting: LHB Brian Boone
|
0-0: Ball 1-0: Fly out, F8 (Flyball, 8LM)
|
Top of the 2nd over - 0 runs, 0 hits, 0 errors, 1 left on base; Philadelphia 3 - Portland 4 |
BOTTOM OF THE 2ND |
Portland Cards batting - Pitching for Philadelphia Athletics : RHP Otis Sykes
|
Batting: RHB Mario Méndez
|
0-0: Called Strike 0-1: Ground out 6-3 (Groundball, 6)
|
Batting: SHB Dale Winters
|
0-0: Called Strike 0-1: Ball 1-1: Ground out 3-1 (Groundball, 34S)
|
Batting: SHB Ken Hernández
|
0-0: Ball 1-0: Ball 2-0: Ball 3-0: Called Strike 3-1: Foul Ball, location: 2F 3-2: Fly out, F6 (Popup, 6S)
|
Bottom of the 2nd over - 0 runs, 0 hits, 0 errors, 0 left on base; Philadelphia 3 - Portland 4 |
TOP OF THE 3RD |
Philadelphia Athletics batting - Pitching for Portland Cards : RHP John Drake
|
Batting: RHB Tony Morton
|
0-0: Swinging Strike 0-1: Ball 1-1: Swinging Strike 1-2: Foul Ball, location: 2F 1-2: Ball 2-2: Foul Ball, location: 2F 2-2: Foul Ball, location: 2F 2-2: Strikes out swinging
|
Batting: RHB Alfredo Rivera
|
0-0: Fly out, F8 (Line Drive, 78S)
|
Batting: LHB Carter Sweet
|
0-0: Ball 1-0: Ball 2-0: Fly out, F4 (Popup, 34)
|
Top of the 3rd over - 0 runs, 0 hits, 0 errors, 0 left on base; Philadelphia 3 - Portland 4 |
BOTTOM OF THE 3RD |
Portland Cards batting - Pitching for Philadelphia Athletics : RHP Otis Sykes
|
Batting: LHB Leonardo Medina
|
0-0: Ball 1-0: Called Strike 1-1: Ball 2-1: Ball 3-1: Base on Balls
|
Batting: SHB Marvin Harris
|
0-0: Called Strike 0-1: Ball 1-1: Ball 2-1: Ball 3-1: SINGLE (Groundball, 4D) Leonardo Medina to second Runner from 2nd tries for 3rd, OUT!
|
Batting: LHB Troy Donaldson
|
0-0: Ball 1-0: Called Strike 1-1: Called Strike 1-2: Foul Ball, location: 2F 1-2: Foul Ball, location: 2F 1-2: Ball 2-2: Fly out, F9 (Flyball, 9)
|
Batting: SHB Giancarlo Giannini
|
0-0: Ball 1-0: Ball 2-0: Foul Ball, location: 2F 2-1: Ground out U3 (Groundball, 34S)
|
Bottom of the 3rd over - 0 runs, 1 hit, 0 errors, 1 left on base; Philadelphia 3 - Portland 4 |
TOP OF THE 4TH |
Philadelphia Athletics batting - Pitching for Portland Cards : RHP John Drake
|
Batting: RHB Valentín Borges
|
0-0: Ground out 5-3 (Groundball, 56)
|
Batting: RHB Anastasio Villa
|
0-0: Ball 1-0: Ground out 4-3 (Groundball, 4)
|
Batting: RHB Miguel Encarnación
|
0-0: Swinging Strike 0-1: Ground out 5-3 (Groundball, 56)
|
Top of the 4th over - 0 runs, 0 hits, 0 errors, 0 left on base; Philadelphia 3 - Portland 4 |
BOTTOM OF THE 4TH |
Portland Cards batting - Pitching for Philadelphia Athletics : RHP Otis Sykes
|
Batting: RHB Aaron Scott
|
0-0: Ball 1-0: Foul Ball, location: 2F 1-1: Ball 2-1: Ball 3-1: Base on Balls
|
Batting: LHB Bill Murphy
|
0-0: Ball 1-0: Grounds into double play, 4-6-3 (Groundball, 4)
|
Batting: RHB Mario Méndez
|
0-0: Called Strike 0-1: Ball 1-1: Called Strike 1-2: Ball 2-2: Foul Ball, location: 2F 2-2: Strikes out swinging
|
Bottom of the 4th over - 0 runs, 0 hits, 0 errors, 0 left on base; Philadelphia 3 - Portland 4 |
TOP OF THE 5TH |
Philadelphia Athletics batting - Pitching for Portland Cards : RHP John Drake
|
Batting: SHB Héctor Padilla
|
0-0: Ball 1-0: Called Strike 1-1: Ball 2-1: SINGLE (Groundball, 4) (infield hit)
|
Batting: LHB John Peterson
|
0-0: Called Strike 0-1: Ball 1-1: Called Strike 1-2: Strikes out swinging
|
Batting: LHB Brian Boone
|
0-0: Ball 1-0: Ball Héctor Padilla steals 2nd base 2-0: Fly out, F7 (Line Drive, 7S)
|
Batting: RHB Tony Morton
|
0-0: Ball 1-0: Called Strike 1-1: Ball 2-1: Ball 3-1: Base on Balls
|
Batting: RHB Alfredo Rivera
|
0-0: Ball 1-0: DOUBLE (Line Drive, 8RXD) Héctor Padilla scores Tony Morton to third Runner from 3rd tries for Home, SAFE, no throw
|
Pitching: LHP Jeff Brennan
|
|
Batting: LHB Carter Sweet
|
0-0: Ball 1-0: Ball 2-0: Ball 3-0: Called Strike 3-1: Foul Ball, location: 2F 3-2: Strikes out swinging
|
Top of the 5th over - 2 runs, 2 hits, 0 errors, 1 left on base; Philadelphia 5 - Portland 4 |
BOTTOM OF THE 5TH |
Portland Cards batting - Pitching for Philadelphia Athletics : RHP Otis Sykes
|
Batting: SHB Dale Winters
|
0-0: Called Strike 0-1: Fly out, F9 (Flyball, 9S)
|
Batting: SHB Ken Hernández
|
0-0: SINGLE (Line Drive, 6D)
|
Batting: LHB Leonardo Medina
|
0-0: Reached on error, E4 (Groundball, 34) Ken Hernández to second
|
Batting: SHB Marvin Harris
|
0-0: Called Strike 0-1: Swinging Strike 0-2: Foul Ball, location: 2F 0-2: Ball 1-2: Ground out 3-1 (Groundball, 34S) Ken Hernández to third Leonardo Medina to second
|
Batting: LHB Troy Donaldson
|
0-0: Swinging Strike 0-1: Ball 1-1: Foul Ball, location: 2F 1-2: Ball 2-2: Ball 3-2: Base on Balls
|
Batting: SHB Giancarlo Giannini
|
0-0: Ball 1-0: Ball 2-0: Swinging Strike 2-1: Ball 3-1: SINGLE (Groundball, 56D) Ken Hernández scores Leonardo Medina to third Troy Donaldson to second Runner from 3rd tries for Home, SAFE, no throw
|
Pitching: RHP George Nelson
|
|
Batting: RHB Aaron Scott
|
0-0: Fly out, F7 (Flyball, 7S)
|
Bottom of the 5th over - 2 runs, 2 hits, 1 error, 2 left on base; Philadelphia 5 - Portland 6 |
TOP OF THE 6TH |
Philadelphia Athletics batting - Pitching for Portland Cards : LHP Jeff Brennan
|
Batting: RHB Valentín Borges
|
0-0: SINGLE (Line Drive, 6)
|
Batting: RHB Anastasio Villa
|
0-0: Foul Ball, location: 2F 0-1: Ball 1-1: Foul Ball, location: 2F 1-2: Ground out 5-3 (Groundball, 56S) Valentín Borges to second
|
Batting: RHB Miguel Encarnación
|
0-0: Ball 1-0: Ball 2-0: Ball 3-0: Called Strike 3-1: Base on Balls
|
Batting: SHB Héctor Padilla
|
0-0: Ball 1-0: SINGLE (Groundball, 6MD) Valentín Borges to third Miguel Encarnación to second
|
Batting: LHB John Peterson
|
0-0: Ball 1-0: Called Strike 1-1: Foul Ball, location: 2F 1-2: Ball 2-2: Grounds into fielders choice 3-2 (Groundball, 3L) Miguel Encarnación to third Héctor Padilla to second
|
Batting: LHB Brian Boone
|
0-0: Ball 1-0: Ball 2-0: Foul Ball, location: 2F 2-1: Swinging Strike 2-2: Strikes out swinging
|
Top of the 6th over - 0 runs, 2 hits, 0 errors, 3 left on base; Philadelphia 5 - Portland 6 |
BOTTOM OF THE 6TH |
Portland Cards batting - Pitching for Philadelphia Athletics : RHP George Nelson
|
Batting: LHB Bill Murphy
|
0-0: Ball 1-0: Ball 2-0: Foul Ball, location: 2F 2-1: Ball 3-1: Fly out, F8 (Flyball, 8RXD)
|
Batting: RHB Mario Méndez
|
0-0: Fly out, F6 (Line Drive, 6M)
|
Batting: SHB Dale Winters
|
0-0: Called Strike 0-1: DOUBLE (Groundball, 3L)
|
Batting: SHB Ken Hernández
|
0-0: Called Strike 0-1: Ball 1-1: Ball 2-1: Foul Ball, location: 2F 2-2: Ground out 4-3 (Groundball, 4)
|
Bottom of the 6th over - 0 runs, 1 hit, 0 errors, 1 left on base; Philadelphia 5 - Portland 6 |
TOP OF THE 7TH |
Philadelphia Athletics batting - Pitching for Portland Cards : LHP Jeff Brennan
|
Batting: RHB Tony Morton
|
0-0: Foul Ball, location: 2F 0-1: Ball 1-1: Foul Ball, location: 2F 1-2: Ground out 6-3 (Groundball, 6)
|
Batting: RHB Alfredo Rivera
|
0-0: Ball 1-0: Reached on error, E6 (Groundball, 56)
|
Pinch Hitting: RHB Felipe Rivera
|
0-0: Called Strike 0-1: Ball 1-1: Called Strike 1-2: Foul Ball, location: 2F 1-2: Hit by Pitch
|
Batting: RHB Valentín Borges
|
0-0: Called Strike 0-1: Ball 1-1: Ball 2-1: Ground out 3-1 (Groundball, 34S) Alfredo Rivera to third Felipe Rivera to second
|
Batting: RHB Anastasio Villa
|
0-0: Ball 1-0: Ball 2-0: Ball 3-0: SINGLE (Line Drive, 8LS) Alfredo Rivera scores Felipe Rivera to third Runner from 3rd tries for Home, SAFE, throw made home
|
Batting: RHB Miguel Encarnación
|
0-0: Ball 1-0: Ball 2-0: Called Strike 2-1: Foul Ball, location: 2F 2-2: Foul Ball, location: 2F 2-2: Fielders Choice at 2nd, 5-4 (Groundball, 5)
|
Top of the 7th over - 2 runs, 1 hit, 1 error, 1 left on base; Philadelphia 7 - Portland 6 |
BOTTOM OF THE 7TH |
Portland Cards batting - Pitching for Philadelphia Athletics : RHP George Nelson
|
Pitching: LHP Rob Greene
|
|
Now at 2B: Eric Neal
|
|
Batting: LHB Leonardo Medina
|
0-0: Swinging Strike 0-1: SINGLE (Line Drive, 34)
|
Batting: SHB Marvin Harris
|
0-0: Called Strike 0-1: Ball 1-1: Ball 2-1: Ball 3-1: Base on Balls Leonardo Medina to second
|
Batting: LHB Troy Donaldson
|
0-0: Fielders Choice at 2nd, 3-6 (Groundball, 3) Leonardo Medina to third
|
Pitching: RHP António López
|
|
Batting: SHB Giancarlo Giannini
|
0-0: Ball 1-0: Called Strike 1-1: Ball 2-1: Foul Ball, location: 2F 2-2: Ball 3-2: DOUBLE (Line Drive, 78D) Leonardo Medina scores Troy Donaldson to third Runner from 3rd tries for Home, SAFE, no throw
|
Batting: RHB Aaron Scott
|
0-0: SINGLE (Groundball, 34S) (infield hit) Giancarlo Giannini to third
|
Batting: LHB Bill Murphy
|
0-0: SINGLE (Line Drive, 8RS) Giancarlo Giannini scores Aaron Scott to second
|
Batting: RHB Mario Méndez
|
0-0: Called Strike 0-1: Ball 1-1: SINGLE (Groundball, 34D) Aaron Scott to third Bill Murphy to second Runner from 3rd tries for Home, SAFE, no throw
|
Pitching: RHP Ricardo Pérez
|
|
Batting: SHB Dale Winters
|
0-0: Fly out, F2 (Popup, 5SF)
|
Batting: SHB Ken Hernández
|
0-0: Ball 1-0: Ball 2-0: Called Strike 2-1: Called Strike 2-2: SINGLE (Line Drive, 6MD) Bill Murphy to third Mario Méndez to second Runner from 3rd tries for Home, SAFE, no throw
|
Batting: LHB Leonardo Medina
|
0-0: Ball 1-0: Called Strike 1-1: Ball 2-1: Swinging Strike 2-2: Foul Ball, location: 2F 2-2: Foul Ball, location: 2F 2-2: Ball 3-2: Foul Ball, location: 2F 3-2: SINGLE (Line Drive, 7S) Mario Méndez to third Ken Hernández to second Mario Méndez scores Ken Hernández to third
|
Batting: SHB Marvin Harris
|
0-0: Swinging Strike 0-1: Ball 1-1: Called Strike 1-2: Strikes out swinging
|
Bottom of the 7th over - 6 runs, 7 hits, 0 errors, 2 left on base; Philadelphia 7 - Portland 12 |
TOP OF THE 8TH |
Philadelphia Athletics batting - Pitching for Portland Cards : LHP Jeff Brennan
|
Now in RF: Joel Nelson
|
|
Batting: SHB Héctor Padilla
|
0-0: Called Strike 0-1: Foul Ball, location: 2F 0-2: Ground out 5-3 (Groundball, 56)
|
Batting: LHB John Peterson
|
0-0: Foul Ball, location: 2F 0-1: Ball 1-1: Ball 2-1: Called Strike 2-2: Ground out U3 (Groundball, 3)
|
Batting: LHB Brian Boone
|
0-0: SINGLE (Line Drive, 6M)
|
Batting: RHB Tony Morton
|
0-0: Foul Ball, location: 2F 0-1: Called Strike 0-2: Ball 1-2: Foul Ball, location: 2F 1-2: Ball 2-2: Ground out 4-3 (Groundball, 4)
|
Top of the 8th over - 0 runs, 1 hit, 0 errors, 1 left on base; Philadelphia 7 - Portland 12 |
BOTTOM OF THE 8TH |
Portland Cards batting - Pitching for Philadelphia Athletics : RHP Ricardo Pérez
|
Batting: LHB Troy Donaldson
|
0-0: Ball 1-0: Ball 2-0: Ball 3-0: Base on Balls
|
Batting: SHB Giancarlo Giannini
|
0-0: Fielders Choice at 2nd, 6-4 (Groundball, 6)
|
Batting: RHB Aaron Scott
|
0-0: Ball 1-0: Called Strike Giancarlo Giannini steals 2nd base 1-1: Swinging Strike 1-2: Ball 2-2: Foul Ball, location: 2F 2-2: Foul Ball, location: 2F 2-2: Strikes out swinging
|
Batting: LHB Bill Murphy
|
0-0: Intentional Walk
|
Batting: RHB Mario Méndez
|
0-0: Swinging Strike 0-1: Ball 1-1: DOUBLE (Flyball, 8RXD) Giancarlo Giannini scores Bill Murphy to third Runner from 3rd tries for Home, throw and OUT!
|
Bottom of the 8th over - 1 run, 1 hit, 0 errors, 1 left on base; Philadelphia 7 - Portland 13 |
TOP OF THE 9TH |
Philadelphia Athletics batting - Pitching for Portland Cards : LHP Jeff Brennan
|
Batting: RHB Alfredo Rivera
|
0-0: SINGLE (Groundball, 56D)
|
Batting: RHB Eric Neal
|
0-0: Ball 1-0: Swinging Strike 1-1: Called Strike 1-2: Foul Ball, location: 2F 1-2: Foul Ball, location: 2F 1-2: Grounds into double play, 5-4-3 (Groundball, 5)
|
Batting: RHB Valentín Borges
|
0-0: Ball 1-0: SINGLE (Line Drive, 89S)
|
Batting: RHB Anastasio Villa
|
0-0: Fly out, F6 (Popup, 6D)
|
Top of the 9th over - 0 runs, 2 hits, 0 errors, 1 left on base; Philadelphia 7 - Portland 13 |
|